 Dungeon Crawl Stone Soup version 0.28-a0-1435-g82390b3a13 (webtiles) character file.

Game seed: 558492633621380792

134 Gargoyl the Skirmisher (level 5, -8/47 HPs)
             Began as a Gnoll Abyssal Knight on Jan 9, 2022.
             Was a Believer of Lugonu.
             Splashed by a jelly's acid (9 damage)
             ... in a sewer.
             The game lasted 00:03:48 (2891 turns).

Gargoyl the Skirmisher (Gnoll Abyssal Knight)       Turns: 2891, Time: 00:03:49

Health: -8/47      AC: -4    Str: 15    XL:     5   Next: 17%
Magic:  8/8        EV: 11    Int:  9    God:    Lugonu [**....]
Gold:   129        SH:  0    Dex: 12    Spells: 6/6 levels left

rFire   . . .      SeeInvis .   a - +1 hand axe
rCold   + . .      Faith    .   (no shield)
rNeg    . . .      Spirit   .   f - +0 ring mail
rPois   .          Reflect  .   (no helmet)
rElec   .          Harm     .   e - +0 cloak
rCorr   .          Rampage  .   (no gloves)
Will    .....                   (no boots)
Stlth   +.........              (no amulet)
HPRegen 0.15/turn               l - ring of protection from cold
MPRegen 0.11/turn               (no ring)

@: corroded
A: fangs 1, strong nose, distributed training
a: Renounce Religion, Depart the Abyss, Bend Space


You were in a sewer.
You worshipped Lugonu.
Lugonu was pleased with you.
You visited 1 branch of the dungeon, and saw 3 of its levels.
You visited the Abyss 1 time.
You also visited: Sewer.

You collected 129 gold pieces.

Inventory:

Hand Weapons
 a - a +1 hand axe (weapon)
Armour
 e - a +0 cloak (worn)
 f - a +0 ring mail (worn)
Jewellery
 l - a ring of protection from cold (left hand)
Scrolls
 c - a scroll of teleportation
 i - a scroll of identify
Potions
 b - a potion of brilliance {unknown}
 d - a potion of might {unknown}
 g - 2 potions of curing {unknown}
 h - a potion of degeneration {unknown}


   Skills:
 + Level 6.6 Fighting
 + Level 1.4 Short Blades
 + Level 1.4 Long Blades
 + Level 4.7 Axes
 + Level 1.4 Maces & Flails
 + Level 1.4 Polearms
 + Level 1.4 Staves
 + Level 1.4 Slings
 + Level 1.4 Bows
 + Level 1.4 Crossbows
 + Level 1.4 Throwing
 + Level 4.7 Armour
 + Level 2.9 Dodging
 + Level 1.4 Stealth
 + Level 1.4 Shields
 + Level 1.4 Unarmed Combat
 + Level 1.4 Spellcasting
 + Level 1.1 Conjurations
 + Level 1.1 Hexes
 + Level 1.1 Summonings
 + Level 1.1 Necromancy
 + Level 1.1 Translocations
 + Level 1.1 Transmutations
 + Level 1.1 Fire Magic
 + Level 1.1 Ice Magic
 + Level 1.1 Air Magic
 + Level 1.1 Earth Magic
 + Level 1.1 Poison Magic
 + Level 4.8 Invocations
 + Level 1.4 Evocations


You had 6 spell levels left.
You didn't know any spells.
Your spell library was empty.

Dungeon Overview and Level Annotations

Branches:
Dungeon (3/15)              Sewer (1/1)

Altars:


Innate Abilities, Weirdness & Mutations

You have very sharp teeth.
Your uncanny sense of smell can sniff out nearby items.
Your experience applies equally to all skills.


Message History

You hit the ball python.
You kill the ball python!
Lugonu accepts your kill.
The river rat bites you but does no damage.
Unknown command.
You hit the river rat.
You kill the river rat!
Lugonu accepts your kill.
Unknown command.
You start resting.
HP restored.
A jelly comes into view.
Found a glowing black potion and a pink potion.
A jelly is nearby!
A jelly is nearby!
A jelly is nearby!
Found a gate leading back out of this place.
The jelly quivers.
An endoplasm comes into view.
The endoplasm quivers.
You hit the jelly. The acid corrodes you!
Your hands burn!
The jelly is lightly wounded.
The jelly misses you.
You hit the jelly.
Your hands burn!
The jelly is moderately wounded.
The jelly hits you.
You are splashed with acid!
You hit the jelly.
Your hands burn!
You punch the jelly.
The jelly is heavily wounded.
The jelly hits you. The acid corrodes you!
You are splashed with acid!
You hit the jelly but do no damage.
Your hands burn!
The jelly is heavily wounded.
The jelly hits you.
You are splashed with acid!
* * * LOW HITPOINT WARNING * * *
You hit the jelly but do no damage.
Your hands burn!
* * * LOW HITPOINT WARNING * * *
The jelly is heavily wounded.
The jelly hits you.
* * * LOW HITPOINT WARNING * * *
The acid corrodes you!
You are splashed with acid!
You die...

.## ≈≈## # .∩
.≈.# # ## ≈..#
#≈.!# # #.
##!##..# .≈≈.# #
≈≈.≈#!!.#≈≈#
≈.≈# #
...≈##.≈≈.≈##J≈#
#
#.≈.##≈..##@J.#
# #≈≈≈#..≈..≈≈##
# #≈≈≈≈≈..≈.## #
##...≈...### #
##.≈.†≈.###
##≈≈.≈≈.≈.#
#.≈≈.###≈≈≈#
##≈≈.##∆##.≈≈#
###≈†.## #..#


You could see a jelly and an endoplasm.

Vanquished Creatures
  Crazy Yiuf (D:2)
  2 river rats
  2 adders (Sewer)
  2 adder skeletons
  3 dart slugs (D:1)
  7 ball pythons
  5 bats
  7 endoplasms
  6 giant cockroaches
  2 goblins (D:2)
  5 hobgoblins (D:1)
  2 quokkas (D:2)
  2 ball python skeletons (D:2)
  6 frilled lizards
  A giant cockroach zombie (D:2)
  2 kobolds
  A quokka skeleton (D:2)
  2 quokka zombies (D:2)
  3 rats
61 creatures vanquished.

Vanquished Creatures (others)
  7 withered plants (D:2)
7 creatures vanquished.

Grand Total: 68 creatures vanquished

Notes
Turn   | Place    | Note
-------+----------+-------------------------------------------
     0 | Abyss:1  | Gargoyl the Gnoll Abyssal Knight began the quest for the
                  | Orb.
     0 | Abyss:1  | Reached XP level 1. HP: 23/23 MP: 3/3
     0 | D:1      | Escaped the Abyss
   185 | D:1      | Reached * piety under Lugonu
   186 | D:1      | Reached XP level 2. HP: 29/29 MP: 5/5
  1128 | D:1      | Reached XP level 3. HP: 31/35 MP: 6/6
  1372 | D:1      | Found a faded altar of an unknown god.
  1664 | D:2      | Found a runed translucent door.
  1665 | D:2      | Noticed Crazy Yiuf
  1945 | D:2      | Reached ** piety under Lugonu
  2082 | D:2      | Reached skill level 1 in Short Blades
  2082 | D:2      | Reached skill level 1 in Long Blades
  2082 | D:2      | Reached skill level 1 in Maces & Flails
  2082 | D:2      | Reached skill level 1 in Polearms
  2082 | D:2      | Reached skill level 1 in Staves
  2082 | D:2      | Reached skill level 1 in Slings
  2082 | D:2      | Reached skill level 1 in Bows
  2082 | D:2      | Reached skill level 1 in Crossbows
  2082 | D:2      | Reached skill level 1 in Throwing
  2082 | D:2      | Reached skill level 1 in Stealth
  2082 | D:2      | Reached skill level 1 in Shields
  2082 | D:2      | Reached skill level 1 in Unarmed Combat
  2082 | D:2      | Reached skill level 1 in Spellcasting
  2082 | D:2      | Reached skill level 1 in Evocations
  2297 | D:2      | Killed Crazy Yiuf
  2298 | D:2      | Reached XP level 4. HP: 31/41 MP: 0/7
  2510 | D:3      | Found a glowing drain.
  2517 | D:3      | Reached skill level 1 in Conjurations
  2517 | D:3      | Reached skill level 1 in Hexes
  2517 | D:3      | Reached skill level 1 in Summonings
  2517 | D:3      | Reached skill level 1 in Necromancy
  2517 | D:3      | Reached skill level 1 in Translocations
  2517 | D:3      | Reached skill level 1 in Transmutations
  2517 | D:3      | Reached skill level 1 in Fire Magic
  2517 | D:3      | Reached skill level 1 in Ice Magic
  2517 | D:3      | Reached skill level 1 in Air Magic
  2517 | D:3      | Reached skill level 1 in Earth Magic
  2517 | D:3      | Reached skill level 1 in Poison Magic
  2525 | Sewer    | Entered a sewer
  2709 | Sewer    | Reached XP level 5. HP: 27/47 MP: 8/8
  2891 | Sewer    | HP: 1/47 [jelly (3)]
  2891 | Sewer    | Splashed by a jelly's acid

Illustrated notes

Levels and vault maps discovered:
D:1:      scummos_arrival_simple_fountains, layout_basic,
          hellmonk_ecumenical_altar_inner_sanctum, nrook_mini_backslash,
          minmay_misc_feat_ornament
D:2:      layout_loops_cross, serial_undead, serial_undead_f, serial_undead_b,
          serial_undead_b, serial_undead_a, serial_undead_b, serial_undead_d,
          uniq_crazy_yiuf_cottage
D:3:      layout_loops_ring, lemuel_round_altar, cheibrodos_sewer_entry_sluice,
          minivault_14, minmay_misc_feat_columns, kennysheep_potato
Sewer:    sewer_hellmonk_slimy_pipes

Skill      XL: |  1  2  3  4 |
---------------+-------------+-----
Short Blades   | 1 |  1.4
Long Blades    | 1 |  1.4
Maces & Flails | 1 |  1.4
Polearms       | 1 |  1.4
Staves         | 1 |  1.4
Slings         | 1 |  1.4
Bows           | 1 |  1.4
Crossbows      | 1 |  1.4
Throwing       | 1 |  1.4
Stealth        | 1 |  1.4
Shields        | 1 |  1.4
Unarmed Combat | 1 |  1.4
Spellcasting   | 1 |  1.4
Evocations     | 1 |  1.4
Conjurations   | 1 |  1.1
Hexes          | 1 |  1.1
Summonings     | 1 |  1.1
Necromancy     | 1 |  1.1
Translocations | 1 |  1.1
Transmutations | 1 |  1.1
Fire Magic     | 1 |  1.1
Ice Magic      | 1 |  1.1
Air Magic      | 1 |  1.1
Earth Magic    | 1 |  1.1
Poison Magic   | 1 |  1.1
Fighting       | |  6.6
Axes           | |  4.7
Armour         | |  4.7
Dodging        | |  2.9
Invocations    | |  4.8

Action                   |  1- 3 |  4- 6 || total
-------------------------+-------+-------++-------
Melee: Hand axe          |   123 |    76 ||   199
       Bite              |    18 |     1 ||    19
       Punch             |     1 |     1 ||     2
Invok: Depart the Abyss  |     1 |       ||     1
  Use: Scroll            |     2 |     2 ||     4
       Potion            |     1 |       ||     1
 Stab: Sleeping          |     1 |       ||     1
Armor: Leather armour    |    15 |       ||    15
       Ring mail         |    23 |    41 ||    64
       Skin              |     5 |       ||     5
Dodge: Dodged            |    70 |    63 ||   133

Table legend: (Time is in decaauts)
 A = Elapsed time spent in this place.
 B = Non-inter-level travel time spent in this place.
 C = Inter-level travel time spent in this place.
 D = Time resting spent in this place.
 E = Time spent auto-exploring this place.
 F = Levels seen in this place.
 G = Mean time per level.
                   A        B        C        D        E       F      G
               +--------+--------+--------+--------+--------+-----+--------+
         Total |   2914 |   2792 |    122 |    181 |   2072 |   5 |  582.8 |
       Dungeon |   2534 |   2412 |    122 |     34 |   1964 |   3 |  844.7 |
         Abyss |      0 |      0 |      0 |      0 |      0 |   1 |    0.0 |
         Sewer |    379 |    379 |      0 |    147 |    108 |   1 |  379.0 |
               +--------+--------+--------+--------+--------+-----+--------+

Top non-repeatable levels by time:
     D:1: 1479 daAuts
     D:2: 1007 daAuts
   Sewer: 379 daAuts
     D:3: 47 daAuts
